 Dungeon Crawl Stone Soup version 0.22-a0-423-g4197694 (webtiles) character file.

42102 emperorscorpion the Eclecticist (level 13, -3/68 HPs)
             Began as a Deep Elf Fire Elementalist on May 24, 2018.
             Was a Follower of Uskayaw.
             Slain by a crocodile (15 damage)
             ... while paralysed by Rupert
             ... on level 6 of the Lair of Beasts.
             The game lasted 01:04:55 (22310 turns).

emperorscorpion the Eclecticist (DEFE)             Turns: 22310, Time: 01:04:56

Health: -3/68      AC: 12    Str: 13    XL:     13   Next: 83%
Magic:  11/34      EV:  2    Int: 27    God:    Uskayaw [*.....]
Gold:   675        SH:  0    Dex: 16    Spells: 19/42 levels left

rFire    + + .     SeeInvis .   h - +9 rapier of Enneameotz {pierce, *Contam +Inv Str+8 Int+2}
rCold    x . .     Gourm    .   O - +0 buckler
rNeg     . . .     Faith    .   R - +0 troll leather armour
rPois    .         Spirit   .   m - +0 helmet
rElec    .         Reflect  .   q - +0 cloak
rCorr    .         Harm     .   Y - +1 pair of gloves
MR       +....                  o - +1 pair of boots
Stlth    +++.......             H - amulet of the acrobat
HPRegen  0.61/turn              Q - ring of fire
MPRegen  0.24/turn              v - ring of protection from fire

@: paralysed, heavily drained
A: no striking features
a: Stomp, Renounce Religion, Evoke Invisibility


You were on level 6 of the Lair of Beasts.
You worshipped Uskayaw.
Uskayaw was noncommittal.
You were hungry.

You visited 3 branches of the dungeon, and saw 18 of its levels.

You collected 675 gold pieces.

Inventory:

Hand Weapons
 a - a +1 dagger of venom
 b - a +0 spear
 h - the +9 rapier of Enneameotz (weapon) {pierce, *Contam +Inv Str+8 Int+2}
   (You found it on level 3 of the Lair of Beasts)

   It inflicts extra damage upon your enemies.
   It affects your strength (+8).
   It affects your intelligence (+2).
   It lets you turn invisible.
   It causes magical contamination when unequipped.
Missiles
 l - 66 bolts
 p - 172 arrows
 s - 77 poisoned needles
 w - 7 javelins (quivered)
 y - 2 throwing nets
 I - 6 tomahawks
 M - 14 tomahawks of returning
Armour
 m - a +0 helmet (worn)
 o - a +1 pair of boots (worn)
 q - a +0 cloak (worn)
 O - a +0 buckler (worn)
 R - a +0 troll leather armour (worn)
 W - a +1 robe of magic resistance
 Y - a +1 pair of gloves (worn)
Magical Staves
 t - a cursed staff of fire
Jewellery
 k - an uncursed ring of protection from cold
 v - a ring of protection from fire (right hand)
 D - an uncursed ring of resist corrosion
 F - an uncursed ring of stealth
 H - an amulet of the acrobat (around neck)
 N - an uncursed ring of flight
 Q - a ring of fire (left hand)
Wands
 B - a wand of flame (9)
 L - a wand of enslavement (9)
 V - a wand of random effects (15)
 X - a wand of scattershot (1)
Scrolls
 e - 5 scrolls of teleportation
 i - 5 scrolls of immolation
 x - 2 scrolls of magic mapping
 A - 7 scrolls of remove curse
 G - a scroll of enchant weapon
 J - 9 scrolls of identify
 K - 2 scrolls of amnesia
 S - a scroll of vulnerability
 Z - 2 scrolls of fear
Potions
 d - a potion of agility
 f - 2 potions of invisibility
 j - 3 potions of heal wounds
 n - a potion of lignification
 r - a potion of ambrosia
 u - a potion of brilliance
 z - 2 potions of cancellation
 C - 4 potions of curing
 E - 3 potions of might
 U - 2 potions of magic
Miscellaneous
 T - a sack of spiders
Comestibles
 c - 41 rations
 g - 4 chunks of flesh


   Skills:
 + Level 2.7(1.3) Fighting
 + Level 3.7(2.2) Short Blades
 - Level 2.5(1.0) Polearms
 + Level 2.3(0.9) Throwing
 * Level 7.1(5.5) Armour
 + Level 7.5(5.8) Dodging
 + Level 7.9(6.2) Stealth
 - Level 4.2(2.7) Shields
 + Level 15.0(13.1) Spellcasting
 + Level 11.3(9.5) Conjurations
 + Level 5.0(3.5) Charms
 + Level 11.4(9.6) Fire Magic
 * Level 3.3(1.8) Invocations
 + Level 2.0(0.6) Evocations


You had 19 spell levels left.
You knew the following spells:

 Your Spells              Type           Power        Failure   Level  Hunger
a - Flame Tongue          Conj/Fire      #####        1%          1    None
b - Conjure Flame         Conj/Fire      #######.     1%          3    None
c - Sticky Flame          Conj/Fire      #######.     1%          4    None
d - Fireball              Conj/Fire      #######...   2%          5    ##.....
e - Bolt of Magma         Conj/Fire/Erth ######....   10%         5    ##.....
f - Iskenderun's Battles  Conj/Chrm      ######..     9%          5    ##.....

Your spell library contained the following spells:

 Spells                   Type           Power        Failure   Level  Hunger
 Magic Dart               Conj           ####         1%          1    None
 Slow                     Hex            ###.....     7%          2    None
 Throw Flame              Conj/Fire      ######       1%          2    None
 Throw Frost              Conj/Ice       #####.       1%          2    None
 Mephitic Cloud           Conj/Pois/Air  ####....     3%          3    None
 Venom Bolt               Conj/Pois      #####.....   19%         5    ##.....
 Blink                    Tloc           N/A          7%          2    None
 Freeze                   Ice            ###.         4%          1    None
 Summon Ice Beast         Ice/Summ       ###.....     41%         4    None
 Ozocubu's Armour         Chrm/Ice       ####....     7%          3    None
 Call Imp                 Summ           ###.....     7%          2    None
 Iron Shot                Conj/Erth      #####.....   69%         6    ####...
 Throw Icicle             Conj/Ice       #####...     6%          4    None
 Orb of Destruction       Conj           ######....   61%         7    ######.
 Inner Flame              Hex/Fire       ######..     1%          3    None
 Spellforged Servitor     Conj/Summ      #####.....   99%         7    ######.


Dungeon Overview and Level Annotations

Branches:
Dungeon (11/15)            Temple (1/1) D:5            Lair (6/6) D:9
  Swamp (0/4) Lair:3       Spider (0/4) Lair:4
  Slime: Lair:5-6       Orc: D:9-12

Altars:
Ashenzari
Cheibriados
Dithmenos
Elyvilon
Fedhas
Gozag
Hepliaklqana
Kikubaaqudgha
Makhleb
Nemelex Xobeh
Okawaru
Qazlal
Ru
Sif Muna
Trog
Uskayaw
Vehumet
Wu Jian
Xom
Yredelemnul
Zin
The Shining One

Shops:
D:10 =

Annotations:
Lair:2 exclusion: 3 oklob plants
Lair:6 Josephine, Rupert


Message History

Some of the chunks of flesh in your inventory have rotted away.
Your soldier ant stings Rupert.
Your soldier ant completely misses the crocodile.
Your soldier ant stings Rupert but does no damage.
The wraith hits your soldier ant.
The wraith drains your soldier ant's vigour!
Your soldier ant seems to slow down.
Your soldier ant barely misses the wraith.
Your soldier ant barely misses the crocodile.
The wraith misses your soldier ant. Rupert yells loudly at you.
You suddenly lose the ability to move!
Your soldier ant barely misses the wraith.
Your soldier ant stings the wraith but does no damage.
The crocodile bites you!
* * * LOW HITPOINT WARNING * * *
Your soldier ant stings the crocodile!
Your soldier ant is no longer moving slowly.
The crocodile bites you!
You die...

....###..÷...............#...
....###...÷..................
.....##.....................
....#.##.................# ..
....#....................#...
.....#..P.aW.@...............
......P.###............?.....
.≈....≈≈≈.###..at........P..#
P≈≈≈.≈......####@.......#...#
#≈≈≈≈≈≈≈≈≈≈..≈.........#.....
#≈≈≈≈≈≈≈≈≈≈≈.≈.≈......###..%#
##≈P≈≈≈≈≈≈P≈≈.......†.# ....
###≈≈≈≈P≈≈≈≈≈.......†.. ...
≈≈≈≈≈P≈≈≈≈≈.≈.......... ..
≈≈≈≈≈≈....##..... ≈≈≈≈≈≈≈≈.##
.#... ≈≈≈≈.PP #....


You could see Rupert, a wraith, a crocodile and 2 friendly soldier ants.

Vanquished Creatures
  3 hydras
  A two-headed ogre (D:10)
  A queen ant (Lair:2)
  6 death yaks (Lair:4)
  A manticore (Lair:2)
  A cyclops (D:10)
  2 black mambas
  An elephant (Lair:2)
  A torpor snail (Lair:6)
  A gargoyle (D:10)
  15 spiny frogs
  A rime drake (Lair:5)
  3 komodo dragons
  2 queen bees
  A jumping spider (Lair:4)
  A slime creature (D:11)
  A meliai (D:11)
  A tyrant leech (Lair:6)
  2 trolls
  4 dream sheep (Lair:5)
  10 blink frogs
  10 hippogriffs
  3 wyverns
  23 yaks
  2 wraiths (Lair:6)
  6 basilisks
  11 vampire mosquitoes
  Menkaure (D:4)
  20 soldier ants (Lair:2)
  11 water moccasins
  Duvessa (D:5)
  12 porcupines
  3 orc warriors
  4 ice beasts
  A sky beast (D:7)
  3 phantoms
  4 ogres
  11 wolves
  3 centaurs
  16 crocodiles
  A big kobold (D:10)
  27 bullfrogs
  Dowan (D:5)
  2 wyvern skeletons
  6 scorpions
  48 killer bees
  3 wights
  2 howler monkeys
  2 electric eels
  A crimson imp (D:10)
  A quasit (D:10)
  2 bullfrog zombies
  4 orc priests
  A jelly (D:9)
  6 hounds
  2 iguanas
  Crazy Yiuf (D:2)
  A centaur skeleton (D:10)
  A gnoll shaman (D:6)
  A bullfrog skeleton (D:10)
  Terence (D:2)
  7 orc wizards
  2 hell rats (Lair:3)
  28 worker ants
  A killer bee zombie (D:8)
  2 hound skeletons (D:10)
  A hound zombie (D:7)
  2 worker ant zombies
  16 gnolls
  11 river rats
  11 adders
  2 shadow imps (D:6)
  An adder zombie (D:7)
  2 oozes
  An adder skeleton (D:8)
  2 worms
  5 dart slugs
  4 leopard geckos
  24 orcs
  2 ball pythons
  10 bats
  7 giant cockroaches
  10 goblins
  8 hobgoblins
  2 jackals (D:8)
  4 quokkas
  5 frilled lizards
  A jackal skeleton (D:4)
  A jackal zombie (D:3)
  16 kobolds
  A leopard gecko skeleton (D:6)
  15 rats
  2 bushes (Lair:6)
  5 fungi (Lair:2)
  3 plants (Lair:6)
532 creatures vanquished.

Vanquished Creatures (collateral kills)
  A killer bee (D:9)
1 creature vanquished.

Vanquished Creatures (others)
  A killer bee (D:9)
  22 fungi
  43 plants
66 creatures vanquished.

Grand Total: 599 creatures vanquished

Notes
Turn   | Place    | Note
-------+----------+-------------------------------------------
     0 | D:1      | emperorscorpion the Deep Elf Fire Elementalist began the quest for the Orb.
     0 | D:1      | Reached XP level 1. HP: 10/10 MP: 6/6
   277 | D:1      | Reached XP level 2. HP: 13/15 MP: 4/8
  1247 | D:2      | Reached XP level 3. HP: 19/19 MP: 8/10
  1441 | D:2      | Learned a level 3 spell: Conjure Flame
  1597 | D:2      | Reached XP level 4. HP: 24/24 MP: 5/11
  1713 | D:2      | Reached skill level 4 in Spellcasting
  2191 | D:2      | Found a runed door.
  2199 | D:2      | Learned a level 4 spell: Sticky Flame
  2200 | D:2      | Noticed Crazy Yiuf
  2204 | D:2      | Killed Crazy Yiuf
  2204 | D:2      | Reached XP level 5. HP: 28/28 MP: 8/13
  2266 | D:2      | Noticed Terence
  2272 | D:2      | Killed Terence
  2792 | D:3      | Reached skill level 5 in Fire Magic
  3757 | D:4      | Learned a level 5 spell: Fireball
  3778 | D:4      | Reached skill level 5 in Spellcasting
  3778 | D:4      | Reached XP level 6. HP: 28/32 MP: 6/15
  4267 | D:4      | Noticed Menkaure
  4274 | D:4      | Reached skill level 1 in Shields
  4477 | D:4      | Killed Menkaure
  4477 | D:4      | Reached XP level 7. HP: 26/37 MP: 14/17
  4582 | D:4      | Reached skill level 6 in Spellcasting
  4686 | D:4      | Found a radiant altar of Vehumet.
  4899 | D:5      | Entered Level 5 of the Dungeon
  4925 | D:5      | Noticed Duvessa
  4925 | D:5      | Noticed Dowan
  4974 | D:5      | Killed Duvessa
  4981 | D:5      | Killed Dowan
  5179 | D:5      | Reached skill level 7 in Spellcasting
  5179 | D:5      | Reached XP level 8. HP: 30/42 MP: 12/20
  5401 | D:5      | Reached skill level 1 in Polearms
  5534 | D:5      | Reached skill level 1 in Fighting
  6127 | D:5      | Found a burning altar of Makhleb.
  6178 | D:5      | Found a staircase to the Ecumenical Temple.
  6187 | Temple   | Entered the Ecumenical Temple
  6285 | Temple   | Became a worshipper of Uskayaw the Reveler
  6586 | D:6      | Reached * piety under Uskayaw
  6587 | D:6      | Reached skill level 8 in Spellcasting
  6587 | D:6      | Reached skill level 5 in Conjurations
  6596 | D:6      | Reached ** piety under Uskayaw
  7476 | D:6      | Reached XP level 9. HP: 47/47 MP: 12/23
  7479 | D:6      | Reached *** piety under Uskayaw
  8135 | D:6      | Found a sacrificial altar of Ru.
  8401 | D:7      | Reached skill level 9 in Spellcasting
  9227 | D:8      | Noticed a four-headed hydra
  9909 | D:8      | Killed a four-headed hydra
  9923 | D:8      | Found an opulent altar of Gozag.
 10330 | D:8      | Reached skill level 10 in Spellcasting
 10573 | D:9      | Noticed a troll
 10576 | D:9      | Killed a troll
 10577 | D:9      | Reached XP level 10. HP: 52/52 MP: 10/26
 10578 | D:9      | Reached **** piety under Uskayaw
 10667 | D:8      | Reached skill level 5 in Dodging
 11429 | D:9      | Reached skill level 1 in Throwing
 11817 | D:9      | Found a staircase to the Lair.
 11932 | D:9      | Reached skill level 5 in Stealth
 11984 | D:10     | Entered Level 10 of the Dungeon
 12426 | D:10     | Learned a level 5 spell: Bolt of Magma
 12432 | D:10     | Learned a level 5 spell: Iskenderun's Battlesphere
 12449 | D:10     | Found Jeahubus's Jewellery Shop.
 12449 | D:10     | Noticed a two-headed ogre
 12464 | D:10     | Killed a two-headed ogre
 12464 | D:10     | Reached skill level 1 in Short Blades
 12468 | D:10     | Reached skill level 1 in Evocations
 12648 | D:10     | Noticed a cyclops
 12660 | D:10     | Killed a cyclops
 12660 | D:10     | Reached skill level 1 in Armour
 12839 | D:10     | Reached skill level 11 in Spellcasting
 13010 | D:10     | Noticed a gargoyle
 13018 | D:10     | Killed a gargoyle
 13193 | D:10     | Reached XP level 11. HP: 20/57 MP: 4/28
 13194 | D:10     | Reached skill level 1 in Charms
 13750 | D:11     | Noticed a rakshasa
 13750 | D:11     | Noticed a white ugly thing
 13750 | D:11     | Noticed an ogre mage
 13754 | D:11     | Noticed an eight-headed hydra
 13811 | Lair:1   | Entered Level 1 of the Lair of Beasts
 14521 | Lair:1   | Reached skill level 10 in Fire Magic
 15110 | Lair:2   | Reached skill level 12 in Spellcasting
 15708 | Lair:2   | Reached XP level 12. HP: 62/62 MP: 4/30
 15884 | Lair:2   | Reached ***** piety under Uskayaw
 16367 | Lair:2   | Noticed a queen ant
 16379 | Lair:2   | Killed a queen ant
 16586 | Lair:2   | Reached skill level 13 in Spellcasting
 16588 | Lair:2   | Reached skill level 10 in Conjurations
 16716 | Lair:2   | Reached skill level 5 in Armour
 18287 | Lair:3   | Found a staircase to the Swamp.
 18411 | Lair:3   | Got a smoking rapier
 18412 | Lair:3   | Identified the +9 rapier of Enneameotz {pierce, *Contam +Inv Str+8 Int+2} (You found it on level 3 of the Lair of Beasts)
 18741 | Lair:3   | Reached skill level 14 in Spellcasting
 19623 | Lair:4   | Found a hole to the Spider Nest.
 19684 | Lair:4   | Reached XP level 13. HP: 49/66 MP: 26/33
 20574 | Lair:5   | Reached skill level 1 in Invocations
 21592 | Lair:6   | Entered Level 6 of the Lair of Beasts
 21770 | Lair:6   | HP: 3/68 [spiny frog (19)]
 21868 | Lair:6   | Reached skill level 5 in Charms
 21981 | Lair:6   | Reached skill level 15 in Spellcasting
 22243 | Lair:6   | Noticed Rupert
 22269 | Lair:6   | Noticed Josephine
 22286 | Lair:6   | HP: 1/68 [Josephine/ghostly fireball (16)]
 22307 | Lair:6   | Paralysed by Rupert for 4 turns
 22310 | Lair:6   | Slain by a crocodile

Vault maps used:
D:1:      lightli_arrival_quake
D:2:      uniq_crazy_yiuf_cottage, uniq_terence
D:3:      minmay_misc_feat_diagonals
D:4:      vehumet_altar_wand_db, uniq_menkaure
D:5:      lemuel_temple_firewalk_a, basic_altar, first_ration, uniq_duvessa
D:6:      nicolae_ru_path_of_blood
D:8:      overflow_temple_1_default
D:9:      lair_entry_dummy, lightli_bailey_entry_fortress, david_nohive_1
D:10:     serial_glass, glass_columns_b, glass_columns_b, serial_shops,
          shop_fountains, grunt_potential
D:11:     minmay_ambush_box, hiddenorc2_lemuel, serial_shops, shop, basic_altar,
          minmay_misc_feat_secret_circle, nicolae_dithmenos_shadow_blocks
Temple:   kilobyte_greek_temple
Lair:1:   lab_entry_generic, beast_lair_carwin_2
Lair:2:   regret_index_wax_grids, nicolae_quartered_pool_super, minivault_29,
          infiniplex_staircase_pool_2, lemuel_fruit_tree,
          minmay_lair_oklob_chamber
Lair:3:   minmay_swamp_entry_swarm, kennysheep_rathole, lemuel_fruit_fields,
          grunt_megastairs_4, lemuel_fruit_fields
Lair:4:   spider_nest_entry_rubble, minivault_19, grunt_megastairs_2
Lair:5:   minivault_19
Lair:6:   minmay_lair_end_frog_pond, slime_altar_1, infiniplex_staircase_pool,
          uniq_rupert, uniq_josephine

Skill      XL: |  1  2  3  4  5  6  7  8  9 10 11 12 13 |
---------------+----------------------------------------+-----
Fire Magic     | 4 5 6 8 9 10 11 | 11.4
Conjurations   | 2 3 4 5 6 8 9 10 11 | 11.3
Spellcasting   | 4 5 7 8 10 11 12 14 15 | 15.0
Stealth        | 3 4 6 7 |  7.9
Dodging        | 3 4 5 6 7 |  7.5
Shields        | 1 2 3 4 |  4.2
Polearms       | 1 2 |  2.5
Fighting       | 1 2 |  2.7
Throwing       | 1 2 |  2.3
Short Blades   | 1 2 3 |  3.7
Evocations     | 1 2 |  2.0
Armour         | 1 4 6 7 |  7.1
Charms         | 3 4 5 |  5.0
Invocations    | 3 |  3.3

Action                   |  1- 3 |  4- 6 |  7- 9 | 10-12 | 13-15 || total
-------------------------+-------+-------+-------+-------+-------++-------
Melee: Short sword       |       |     6 |       |       |       ||     6
       Spear             |       |    37 |   282 |    35 |       ||   354
       Dagger            |       |       |       |   181 |       ||   181
       Rapier            |       |       |       |    23 |    71 ||    94
Throw: Stone             |       |       |     1 |     1 |       ||     2
       Javelin           |       |       |     1 |    19 |     6 ||    26
       Throwing net      |       |       |       |     6 |       ||     6
 Cast: Flame Tongue      |    67 |   109 |   156 |   206 |    40 ||   578
       Conjure Flame     |       |       |     4 |       |       ||     4
       Sticky Flame      |       |       |    10 |    24 |       ||    34
       Fireball          |       |       |    35 |   123 |    50 ||   208
       Iskenderun's Batt |       |       |       |    41 |    14 ||    55
       Bolt of Magma     |       |       |       |     1 |     1 ||     2
Evoke: Wand              |       |       |       |     8 |     8 ||    16
       Sack of spiders   |       |       |       |       |     2 ||     2
  Use: Scroll            |     3 |     3 |     9 |     7 |     3 ||    25
       Potion            |       |       |       |     3 |     3 ||     6
 Stab: Sleeping          |       |     3 |     2 |     2 |     1 ||     8
       Distracted        |       |       |     1 |     1 |       ||     2
       Paralysed         |       |       |     1 |    17 |     9 ||    27
       Held in net/web   |       |       |       |     1 |       ||     1
  Eat: Chunk             |     2 |     9 |    20 |    47 |     5 ||    83
       Ration            |       |       |     2 |       |     1 ||     3
Armor: Robe              |     2 |    24 |    67 |    27 |       ||   120
       Troll leather arm |       |       |       |    45 |    30 ||    75
Dodge: Dodged            |    15 |    53 |   146 |   230 |   117 ||   561
Block: Buckler           |       |     6 |    63 |    70 |    41 ||   180

Table legend:
 A = Spawn XP
 B = Non-spawn XP
 C = Spawn XP percentage of total XP
 D = Spawn monster count
 E = Non-spawn monster count
 F = Spawn count percentage of total count
 G = Total turns spent on level
                    A         B        C        D         E        F      G
               +---------+---------+-------+---------+---------+-------+---------
         Total |       0 |   60147 |   0.0 |       0 |     523 |   0.0 | 22310
               +---------+---------+-------+---------+---------+-------+---------
           D:1 |       0 |      40 |   0.0 |       0 |      20 |   0.0 |  1275
           D:2 |       0 |     232 |   0.0 |       0 |      35 |   0.0 |  1243
           D:3 |       0 |      60 |   0.0 |       0 |      21 |   0.0 |  1222
           D:4 |       0 |     699 |   0.0 |       0 |      18 |   0.0 |  1159
           D:5 |       0 |    1096 |   0.0 |       0 |      23 |   0.0 |  1590
           D:6 |       0 |     661 |   0.0 |       0 |      18 |   0.0 |  1684
           D:7 |       0 |     829 |   0.0 |       0 |      17 |   0.0 |  1311
           D:8 |       0 |    1497 |   0.0 |       0 |      17 |   0.0 |  1151
           D:9 |       0 |    2299 |   0.0 |       0 |      45 |   0.0 |  1455
          D:10 |       0 |    4606 |   0.0 |       0 |      48 |   0.0 |  1574
          D:11 |       0 |     570 |   0.0 |       0 |       2 |   0.0 |     8
        Lair:1 |       0 |    4640 |   0.0 |       0 |      25 |   0.0 |  1289
        Lair:2 |       0 |   14226 |   0.0 |       0 |     107 |   0.0 |  3162
        Lair:3 |       0 |    4976 |   0.0 |       0 |      41 |   0.0 |  1150
        Lair:4 |       0 |    9047 |   0.0 |       0 |      22 |   0.0 |  1188
        Lair:5 |       0 |    4850 |   0.0 |       0 |      18 |   0.0 |  1093
        Lair:6 |       0 |    9819 |   0.0 |       0 |      46 |   0.0 |   617
               +---------+---------+-------+---------+---------+-------+---------
